Selects Air and Sea Battlegroup
Construct Section Command Post
Selects Commando Section Paradrop
Commando Section Paradrop
Construct Platoon Command Post
Unlock M3 Stuart Light Tanks
Commando Section Paradrop
6-pounder Anti-tank Gun Team
Construct Field Infirmary
Commando Section Paradrop
Selects M1 Pack Howitzer Paradrop
Selects Anti-tank Rocket Loiter
Unlock Bishop Self-propelled Artillery
Bishop Self-propelled Artillery
6-pounder Anti-tank Gun Team